 Dungeon Crawl Stone Soup version 0.19-b1-3-g7dea586 (webtiles) character file.

172 lorenzova the Sneak (level 5, -1/24 HPs)
             Began as a Spriggan Enchanter on Oct 29, 2016.
             Was an Initiate of Dithmenos.
             Killed by divine providence
             ... invoked by an orc priest
              (14 damage)
             ... on level 4 of the Dungeon.
             The game lasted 00:05:53 (3212 turns).

lorenzova the Sneak (Spriggan Enchanter)            Turns: 3212, Time: 00:05:54

Health: -1/24      AC:  3    Str:  4    XL:     5   Next: 27%
Magic:  4/12       EV: 18    Int: 16    God:    Dithmenos [......]
Gold:   227        SH:  0    Dex: 18    Spells: 3 memorised, 7 levels left

rFire  . . .     SeeInvis +     a - +1 dagger
rCold  . . .     Gourm    .     b - +1 robe
rNeg   . . .     Faith    .     (shield restricted)
rPois  .         Spirit   .     (helmet restricted)
rElec  .         Reflect  .     (no cloak)
rCorr  .         Harm     .     (gloves unavailable)
MR     .....                    (boots unavailable)
Stlth  ++++......               (no amulet)
                                (no ring)
                                (no ring)

@: very quick
A: unfitting armour, see invisible, herbivore 3, speed 3, slow metabolism 2
a: Renounce Religion


You were on level 4 of the Dungeon.
You worshipped Dithmenos.
Dithmenos was noncommittal.
You were near starving.

You visited 2 branches of the dungeon, and saw 5 of its levels.

You collected 227 gold pieces.

Inventory:

Hand Weapons
 a - a +1 dagger (weapon)
Armour
 b - a +1 robe (worn)
Scrolls
 e - 4 scrolls of remove curse
 g - 2 scrolls of teleportation {unknown}
 j - a scroll of immolation {unknown}
 k - a scroll of fear {unknown}
 l - a scroll of random uselessness {unknown}
 n - 3 scrolls of identify {unknown}
 r - a scroll of recharging {unknown}
 s - a scroll of blinking {unknown}
Potions
 f - a potion of resistance {unknown}
 h - 2 potions of haste
 o - a potion of heal wounds {unknown}
 p - 2 potions of curing {unknown}
 q - 2 potions of flight {unknown}
 t - a potion of might {unknown}
Books
 c - a book of Maledictions

   Spells                             Type                      Level
   a - Corona                         Hexes                        1
   b - Ensorcelled Hibernation        Hexes/Ice                    2
   c - Confuse                        Hexes                        3
   d - Tukima's Dance                 Hexes                        3
   e - Dazzling Spray                 Conjuration/Hexes            3
Comestibles
 d - 4 bread rations
 i - a slice of pizza
 m - 7 fruits


   Skills:
 - Level 1.1 Short Blades
 - Level 3.0 Dodging
 + Level 6.5 Stealth
 + Level 4.5 Spellcasting
 + Level 5.0 Hexes


You had 7 spell levels left.
You knew the following spells:

 Your Spells              Type           Power        Failure   Level  Hunger
a - Corona                Hex            ###....      1%          1    None
b - Ensorcelled Hibernat  Hex/Ice        ##....       10%         2    ##.....
c - Confuse               Hex            ###.....     8%          3    ###....


Dungeon Overview and Level Annotations

Branches:
Dungeon (4/15)             Temple (1/1) D:4

Altars:
Ashenzari
Dithmenos
Kikubaaqudgha
Trog
Zin
The Shining One


Innate Abilities, Weirdness & Mutations

You are very small and have problems with some larger weapons.
You are too small for most types of armour.
You have supernaturally acute eyesight. (SInv)
You are a herbivore.
You cover ground extremely quickly.
You need consume almost no food.


Message History

Press: ? - help, Shift-Dir - straight line, f - orc priest, p - orc
Aim: an orc priest, wielding a flail and wearing a leather armour (chance to defeat MR: 42%)
The orc is unaffected.
The orc priest looks encouraged for a moment.
The orc barely misses you.
Casting: Ensorcelled Hibernation
Confirm with . or Enter, or press ? or * to list all spells.
Aiming: Confuse
Press: ? - help, Shift-Dir - straight line, f/p - orc priest
Aim: an orc priest, wielding a flail and wearing a leather armour (chance to defeat MR: 50%)
The orc appears confused.
The orc priest mumbles some strange prayers to Beogh against you.
Beogh smites you!
The orc hits the orc priest but does no damage.
The orc priest looks braver for a moment.
You see here a meat ration.
The orc priest calls down the wrath of Beogh upon you.
Beogh smites you!
Ouch! That really hurt!
You die...

###### #####.##.###
#.o)oo.....#######.##
#.###..?............. .#
#.##.....>.....# .# #o#
#.##.#.#######.# .###### #o#
#.##.#.# ......# #.# #%##.#.# #
......# #.# #@##.#.#######..
......######.###.##............
............................... .
..............................# .
.......#.###.##...#.#..###>#..#..
.......................###.#..#..
.#..O.......(##...#.#............
.O#..#.#.##..)....#....###.#..#..
..#..#.......##..................


You could see an orc priest and an orc (confused).

Vanquished Creatures
  An ogre (D:4)
  An adder (D:2)
  4 worms
  2 dart slugs (D:3)
  A leopard gecko (D:3)
  4 orcs
  A giant cockroach (D:4)
  7 goblins
  4 hobgoblins
  12 jackals
  3 quokkas
  A ball python (D:2)
  4 bats (D:1)
  5 frilled lizards
  4 kobolds
  A quokka skeleton (D:4)
  3 rats
58 creatures vanquished.

Notes
Turn   | Place    | Note
-------+----------+-------------------------------------------
     0 | D:1      | lorenzova the Spriggan Enchanter began the quest for the Orb.
     0 | D:1      | Reached XP level 1. HP: 9/9 MP: 5/5
   273 | D:1      | Reached XP level 2. HP: 10/13 MP: 7/7
   513 | D:1      | Learned a level 2 spell: Ensorcelled Hibernation
  1008 | D:1      | Reached skill level 5 in Stealth
  1445 | D:2      | Reached XP level 3. HP: 15/16 MP: 1/8
  1608 | D:2      | Learned a level 3 spell: Confuse
  2202 | D:3      | Reached XP level 4. HP: 17/21 MP: 5/10
  2802 | D:4      | Noticed an ogre
  2859 | D:4      | Killed an ogre
  2859 | D:4      | Reached skill level 6 in Stealth
  2859 | D:4      | Reached skill level 5 in Hexes
  2859 | D:4      | Reached XP level 5. HP: 24/24 MP: 1/12
  3142 | D:4      | Found a staircase to the Ecumenical Temple.
  3147 | Temple   | Entered the Ecumenical Temple
  3167 | Temple   | Became a worshipper of Dithmenos the Shadowed
  3212 | D:4      | Killed from afar by an orc priest

Skill      XL: |  1  2  3  4 |
---------------+-------------+-----
Spellcasting   | 3 4 |  4.5
Hexes          | 4 5 |  5.0
Stealth        | 5 6 |  6.5
Short Blades   | |  1.1
Dodging        | |  3.0

Action                   |  1- 3 |  4- 6 || total
-------------------------+-------+-------++-------
Melee: Dagger            |   155 |    64 ||   219
 Cast: Ensorcelled Hiber |    21 |    15 ||    36
       Corona            |     2 |       ||     2
       Confuse           |       |     3 ||     3
  Use: Scroll            |       |     2 ||     2
 Stab: Sleeping          |    21 |     7 ||    28
       Distracted        |     1 |       ||     1
       Confused          |       |     2 ||     2
Armor: Robe              |    23 |     8 ||    31
Dodge: Dodged            |   134 |    54 ||   188
